 Dungeon Crawl Stone Soup version 0.16.1-12-gf5c4a84 (webtiles) character file.

24423 ztt the Cleaver (level 12, -1/112 HPs)
             Began as a Minotaur Fighter on Apr 8, 2015.
             Was the Champion of Okawaru.
             Killed from afar by a shock serpent (25 damage)
             ... with a bolt of electricity
             ... on level 2 of the Snake Pit.
             The game lasted 00:25:54 (12562 turns).

ztt the Cleaver (Minotaur Fighter)                 Turns: 12562, Time: 00:25:54

Health: -1/112     AC: 23    Str: 26    XL:     12   Next: 80%
Magic:  10/10      EV:  9    Int:  5    God:    Okawaru [******]
Gold:   697        SH: 13    Dex: 10    Spells: 0 memorised, 11 levels left

rFire  . . .     SeeInvis .     R - +1 war axe (flame)
rCold  . . .     Clarity  .     G - +0 plate armour
rNeg   . . .     SustAb   .     c - +0 shield
rPois  +         Gourm    .     U - +2 hat {MR+}
rElec  .         Spirit   .     V - +2 cloak
rCorr  .         Warding  .     (no gloves)
rMut   .         Stasis   .     h - +1 pair of boots
MR     +....                    (no amulet)
Stlth  ..........               D - ring of poison resistance
                                A - +6 ring of slaying

@: about to teleport, somewhat resistant to hostile enchantments, extremely
unstealthy
A: retaliatory headbutt, horns 2, spit poison 1, wild magic 1
a: Spit Poison, Heroism, Finesse, Renounce Religion


You were on level 2 of the Snake Pit.
You worshipped Okawaru.
Okawaru was exalted by your worship.
You were not hungry.

You visited 4 branches of the dungeon, and saw 16 of its levels.
You also visited: Bailey and Volcano.

You collected 1022 gold pieces.
You spent 325 gold pieces at shops.

Inventory:

Hand weapons
 n - a +0 battleaxe of freezing
 R - a +1 war axe of flaming (weapon)
Armour
 c - a +0 shield (worn)
 h - a +1 pair of boots (worn)
 G - a +0 plate armour (worn)
 U - a +2 hat of magic resistance (worn)
 V - a +2 cloak (worn)
Jewellery
 k - an uncursed ring of teleportation
 v - a +5 ring of evasion
 y - the ring "Sej Uned" {+Inv +Fly Int+5}
   (You found it on level 6 of the Dungeon)

   [ring of flight]

   It affects your intelligence (+5).
   It lets you turn invisible.
   It lets you fly.
 z - a cursed +4 ring of protection
 A - a +6 ring of slaying (left hand)
 D - a ring of poison resistance (right hand)
 M - a +5 ring of protection
Magical devices
 b - a wand of polymorph (10)
 l - a wand of magic darts (21)
 u - a wand of polymorph (16)
 B - a wand of draining (6)
 K - a wand of fire (9)
 N - a wand of slowing (7)
 O - a wand of fire (7)
 P - a wand of cold (6)
 Q - a wand of magic darts (21)
 Y - a wand of lightning (7)
 Z - a wand of lightning (5)
Scrolls
 a - 4 scrolls of identify
 e - 2 scrolls of enchant armour
 o - 2 scrolls of fog
 r - 8 scrolls of enchant weapon
 C - 5 scrolls of teleportation
 J - 4 scrolls of remove curse
 T - a scroll of fear
 X - a scroll of magic mapping
Potions
 f - 2 potions of haste
 g - 4 potions of flight
 i - a potion of restore abilities
 m - a potion of cancellation
 p - 3 potions of magic
 q - a potion of degeneration {unknown}
 s - 11 potions of curing
 t - a potion of invisibility
 w - a potion of poison
 x - 5 potions of brilliance
 E - 2 potions of might
 F - a potion of cure mutation
 H - a potion of berserk rage
 I - 4 potions of heal wounds
 L - 4 potions of agility
 S - 2 potions of resistance
Comestibles
 d - 9 bread rations
 j - 16 meat rations
 W - 2 slices of pizza


   Skills:
 * Level 11.9 Fighting
 * Level 14.1 Axes
 * Level 11.4 Armour
 * Level 7.5 Dodging
 - Level 1.7 Stealth
 + Level 11.6 Shields
 * Level 2.8 Invocations
 * Level 2.3 Evocations


You had 11 spell levels left.
You didn't know any spells.

Dungeon Overview and Level Annotations

Branches:
Dungeon (9/15)             Temple (1/1) D:5            Lair (4/8) D:9
 Shoals (0/5) Lair:3        Snake (2/5) Lair:4
    Orc: D:9-12

Altars:
Cheibriados
Elyvilon
Gozag
Makhleb
Nemelex Xobeh
Okawaru
Qazlal
Ru
Sif Muna
Trog
Vehumet
Yredelemnul

Shops:
D:6 %   D:8 [   Snake:1 }


Innate Abilities, Weirdness & Mutations

You reflexively headbutt those who attack you in melee.
You have a pair of horns on your head.
You can spit poison.
Your spells are a little harder to cast, but a little more powerful.


Message History

The shock serpent shoots out a bolt of lightning at you!
The bolt of electricity hits you! x2
* * * LOW HITPOINT WARNING * * *
The bolt of electricity hits the shock serpent.
The shock serpent completely resists.
You closely miss the shock serpent. Your headbutt misses the shock serpent.
The shock serpent bites you.
* * * LOW HITPOINT WARNING * * *
The shock serpent shocks you!
* * * LOW HITPOINT WARNING * * *
Drink which item? (? for menu, Esc to quit)
You feel much better.
The shock serpent bites you but does no damage.
You block the shock serpent's attack.
Read which item? (? for menu, Esc to quit)
As you read the scroll of teleportation, it crumbles to dust.
You feel strangely unstable.
The shock serpent shoots out a bolt of lightning at you!
The bolt of electricity hits you!
You die...

# ##>#.
##...####..#
######### #
...)###.###
##.......>.#
##.######.#####
#.....# ##..#.###
##.#...##
....#####......#
#.....S@#####....
#......†..#
.........#
.........#
.......$.#
.......## #######


You could see a shock serpent.

Vanquished Creatures
  The ghost of Shoikan the Warrior, a powerful MiBe of Trog (Lair:2)
  Harold (Volcano)
  A naga warrior (Snake:2)
  An anaconda (Snake:2)
  Pikel (D:4)
  2 salamanders
  A mana viper (Snake:2)
  Joseph (D:8)
  8 black mambas
  A torpor snail (Lair:4)
  A naga mage (Snake:1)
  6 spiny frogs
  3 two-headed ogres
  12 blink frogs
  Grinder (D:3)
  A snapping turtle (Lair:3)
  2 wyverns
  3 basilisks
  A wraith (D:7)
  16 yaks
  Eustachio (D:5)
  Grum (D:8)
  5 hippogriffs
  6 nagas
  7 wolves
  15 water moccasins
  9 porcupines
  A necrophage (D:6)
  A phantom (D:7)
  2 ice beasts
  5 ogres
  5 centaurs
  3 orc warriors
  2 slaves (D:4)
  Duvessa (D:8)
  6 crocodiles
  2 gnoll sergeants
  6 giant frogs
  A water moccasin skeleton (D:4)
  A scorpion (D:8)
  2 goliath beetles
  Dowan (D:8)
  5 crimson imps
  A giant frog zombie (D:7)
  9 hounds
  A jelly (D:5)
  A giant frog skeleton (D:4)
  4 orc priests
  2 hell rats (D:9)
  9 iguanas
  4 orc wizards
  Natasha (thrice) (D:3)
  11 worker ants
  6 sheep (Lair:4)
  13 adders
  A worker ant zombie (D:8)
  23 gnolls
  4 shadow imps
  10 river rats
  2 giant mites
  A white imp (D:3)
  A worm (D:3)
  An ufetubus (D:5)
  An adder skeleton (D:9)
  6 giant geckos
  An ooze (D:4)
  25 orcs
  14 bats
  13 goblins
  30 hobgoblins
  33 kobolds
  11 quokkas
  6 giant cockroaches
  A giant gecko skeleton (D:5)
  5 giant newts
  11 jackals
  19 rats
  A ballistomycete (D:7)
  2 fungi
438 creatures vanquished.

Vanquished Creatures (others)
  A slave (D:4)
  A gnoll shaman (D:4)
  A gnoll (D:4)
  A giant spore (D:7)
4 creatures vanquished.

Grand Total: 442 creatures vanquished

Notes
Turn   | Place    | Note
--------------------------------------------------------------
     0 | D:1      | ztt, the Minotaur Fighter, began the quest for the Orb.
     0 | D:1      | Reached XP level 1. HP: 19/19 MP: 1/1
    42 | D:1      | Reached skill level 4 in Shields
    61 | D:1      | Reached XP level 2. HP: 17/27 MP: 1/1
   432 | D:1      | Reached XP level 3. HP: 33/33 MP: 2/2
  1321 | D:2      | Reached XP level 4. HP: 40/40 MP: 2/2
  1508 | D:3      | Noticed Natasha
  1515 | D:3      | Killed Natasha
  1556 | D:3      | Noticed Grinder
  1570 | D:3      | Killed Grinder
  1570 | D:3      | Reached skill level 5 in Armour
  1570 | D:3      | Reached skill level 1 in Dodging
  1570 | D:3      | Reached skill level 5 in Shields
  1570 | D:3      | Reached XP level 5. HP: 19/47 MP: 2/2
  1570 | D:3      | Reached XP level 6. HP: 21/53 MP: 3/3
  1702 | D:3      | Noticed Natasha
  1710 | D:3      | Killed Natasha
  1826 | D:3      | Noticed Natasha
  1830 | D:3      | Killed Natasha
  2384 | D:4      | Reached skill level 5 in Axes
  2384 | D:4      | Reached skill level 6 in Armour
  2384 | D:4      | Reached XP level 7. HP: 20/60 MP: 3/3
  2528 | D:4      | Reached skill level 5 in Fighting
  2822 | D:4      | HP: 2/61 [ogre/giant club (9)]
  3247 | D:4      | Noticed Pikel
  3263 | D:4      | Killed Pikel
  3263 | D:4      | Reached skill level 7 in Armour
  3263 | D:4      | Reached skill level 1 in Stealth
  3263 | D:4      | Reached XP level 8. HP: 45/70 MP: 3/3
  3521 | D:4      | Found a burning altar of Makhleb.
  3521 | D:4      | Found a radiant altar of Vehumet.
  3521 | D:4      | Found a stormy altar of Qazlal.
  3733 | D:5      | Entered Level 5 of the Dungeon
  3917 | D:5      | Noticed Eustachio
  3971 | D:5      | Killed Eustachio
  3972 | D:5      | Found a staircase to the Ecumenical Temple.
  4053 | Temple   | Entered the Ecumenical Temple
  4068 | Temple   | Became a worshipper of Warmaster Okawaru
  4765 | D:6      | Got a steaming turquoise ring
  4853 | D:6      | Reached XP level 9. HP: 79/79 MP: 4/4
  5046 | D:6      | Acquired Okawaru's first power
  5494 | D:6      | Found Ishroxar's Food Emporium.
  5498 | D:6      | Bought a meat ration for 65 gold pieces
  5498 | D:6      | Bought a meat ration for 65 gold pieces
  5498 | D:6      | Bought a meat ration for 65 gold pieces
  5498 | D:6      | Bought a meat ration for 65 gold pieces
  5498 | D:6      | Bought a meat ration for 65 gold pieces
  5535 | D:7      | Identified the ring "Sej Uned" {+Inv +Fly Int+5} (You found it on level 6 of the Dungeon)
  5621 | D:7      | Reached skill level 8 in Armour
  5646 | D:7      | Found a flagged portal.
  5733 | Bailey   | Entered a bailey
  6186 | D:7      | Found a bloodstained altar of Trog.
  6285 | D:7      | Reached skill level 5 in Dodging
  6315 | D:7      | Gained mutation: You can spit poison. [potion of beneficial mutation]
  6316 | D:7      | Gained mutation: Your spells are a little harder to cast, but a little more powerful. [potion of beneficial mutation]
  6377 | D:7      | Reached skill level 9 in Axes
  7071 | D:8      | Reached XP level 10. HP: 88/88 MP: 4/4
  7118 | D:8      | Found Geugh's Armour Shop.
  7154 | D:8      | Noticed Joseph
  7163 | D:8      | Killed Joseph
  7412 | D:8      | Noticed Dowan
  7413 | D:8      | Noticed Duvessa
  7416 | D:8      | Killed Dowan
  7419 | D:8      | Killed Duvessa
  7635 | D:8      | Noticed Grum
  7645 | D:8      | Killed Grum
  7649 | D:8      | Reached skill level 10 in Axes
  7754 | D:8      | Found a snail-covered altar of Cheibriados.
  8013 | D:9      | Found an opulent altar of Gozag.
  8165 | D:9      | Found a staircase to the Lair.
  8212 | Lair:1   | Entered Level 1 of the Lair of Beasts
  8589 | Lair:1   | Reached skill level 11 in Axes
  8909 | Lair:2   | Reached XP level 11. HP: 88/97 MP: 4/4
  8919 | Lair:2   | Reached skill level 10 in Armour
  8969 | Lair:2   | Found a dark tunnel.
  8978 | Volcano  | Entered a volcano
  9003 | Volcano  | Noticed Harold
  9013 | Volcano  | Killed Harold
  9013 | Volcano  | Acquired Okawaru's second power
  9170 | Lair:2   | Noticed Shoikan's ghost (powerful MiBe)
  9182 | Lair:2   | Killed Shoikan's ghost
  9182 | Lair:2   | Received a gift from Okawaru
  9182 | Lair:2   | Reached skill level 10 in Shields
  9339 | Lair:2   | Reached skill level 10 in Fighting
  9649 | Lair:2   | Reached skill level 12 in Axes
 10527 | Lair:3   | Found a staircase to the Shoals.
 10729 | Lair:4   | Reached XP level 12. HP: 110/110 MP: 6/6
 10762 | Lair:4   | Reached skill level 13 in Axes
 10835 | Lair:4   | Got a steaming buckler
 10846 | Lair:4   | Identified the cursed -1 buckler "Alahel" {Int+6} (You found it on level 4 of the Lair of Beasts)
 11016 | Lair:4   | Reached skill level 1 in Invocations
 11246 | Lair:4   | Found a staircase to the Snake Pit.
 11404 | Snake:1  | Entered Level 1 of the Snake Pit
 11465 | Snake:1  | Reached skill level 1 in Evocations
 11641 | Snake:1  | Found Strymoal's Gadget Shop.
 11697 | Snake:1  | Received a gift from Okawaru
 12050 | Snake:2  | Noticed an anaconda
 12058 | Snake:2  | Killed an anaconda
 12093 | Snake:2  | Reached skill level 14 in Axes
 12155 | Snake:2  | Noticed a naga warrior
 12178 | Snake:2  | Killed a naga warrior
 12560 | Snake:2  | HP: 4/112 [shock serpent (14)]
 12562 | Snake:2  | Killed from afar by a shock serpent

Action                   |  1- 3 |  4- 6 |  7- 9 | 10-12 || total
-------------------------+-------+-------+-------+-------++-------
Melee: War axe           |    89 |    83 |   339 |   491 ||  1002
Invok: Heroism           |       |       |       |     2 ||     2
  Use: Scroll            |     5 |     7 |    12 |     9 ||    33
       Potion            |       |       |     3 |     3 ||     6
  Eat: Chunk             |       |     1 |       |     1 ||     2
       Pizza             |       |     1 |       |       ||     1
       Beef jerky        |       |     1 |       |     8 ||     9
       Meat ration       |       |       |     2 |       ||     2
       Royal jelly       |       |       |     1 |     1 ||     2
       Bread ration      |       |       |     1 |       ||     1
       Fruit             |       |       |       |     6 ||     6
